Map: Frozen Temple

Players

Tireless - Winner!

  • Race: Zerg Zerg
  • League: Diamond

VOD

Have the link to the VOD?

Description

Time

  • Played on: July 30, 2016, 9:38 p.m.
  • Length: 9:18
Show
View Real Time Build Order
Export as new Build Order

Tireless Zerg - Winner!

Build Orders: Hatch First 

Get SALT Encoding   

  12  0:02  Drone  
  12  0:14  Overlord  
  12  0:18  Drone  
  12  0:33  Drone x2  
  12  0:36  Drone  
  12  0:53  Hatchery  
  12  0:56  Drone  
  12  1:11  Spawning Pool  
  12  1:13  Drone  
  12  1:16  Drone  
  12  1:19  Drone  
  12  1:30  Drone  
  12  1:40  Overlord  
  12  2:03  Zergling x4  
  12  2:06  Drone, Queen x2  
  12  2:13  Drone  
  12  2:16  Drone  
  12  2:24  Drone  
  12  2:26  Drone  
  12  2:34  Drone  
  12  2:37  Overlord  
  12  2:42  Queen x2  
  12  2:57  Extractor  
  12  2:58  Extractor  
  12  2:59  Drone x4  
  12  3:00  Hatchery  
  12  3:13  Drone x2  
  12  3:18  Roach Warren  
  12  3:25  Drone x3  
  12  3:28  Overlord x2  
  12  3:49  Evolution Chamber  
  12  3:51  Evolution Chamber  
  12  3:52  Drone x3  
  12  3:53  Drone x2  
  12  4:14  Queen  
  12  4:17  Zerg Ground Armor Level 1, Zerg Missile Weapons Level 1  
  12  4:19  Queen  
  12  4:36  Overlord x2  
  12  4:41  Drone x4  
  12  4:44  Roach  
  12  4:45  Roach x5  
  12  4:49  Roach  
  12  4:56  Drone x3  
  12  4:57  Drone  
  12  4:59  Drone  
  12  5:02  Drone x2  
  12  5:09  Drone  
  12  5:10  Drone x3  
  12  5:14  Lair  
  12  5:25  Overlord x2  
  12  5:28  Drone x5  
  12  5:44  Drone x3  
  12  5:45  Drone x5  
  12  5:49  Extractor  
  12  5:50  Extractor  
  12  5:53  Overlord x2  
  12  6:05  Extractor, Drone x6  
  12  6:06  Extractor  
  12  6:14  Glial Reconstitution  
  12  6:15  Zerg Missile Weapons Level 2  
  12  6:19  Zerg Ground Armor Level 2  
  12  6:25  Overlord x9  
  12  6:37  Roach x5  
  12  6:38  Roach  
  12  6:45  Roach x4  
  12  6:46  Roach  
  12  6:57  Roach  
  12  6:58  Roach x3  
  12  7:03  Roach x4  
  12  7:08  Roach x4  
  12  7:14  Overlord x2  
  12  7:16  Roach x2  
  12  7:21  Roach x2  
  12  7:34  Roach x4  
  12  7:35  Roach x5  
  12  7:38  Ravager x4  
  12  7:41  Ravager  
  12  8:05  Hatchery  
  12  8:06  Roach  
  12  8:07  Roach x11  
  12  8:10  Ravager x2  
  12  8:14  Ravager  
  12  8:30  Roach x2  
  12  8:37  Extractor  
  12  8:38  Extractor  
  12  8:53  Infestation Pit  
Tags
 
Add a new tag
Caveats
  • Supply blocks, unpowered buildings, or Contaminate may cause inaccurate times.
  • Supply counts are checked every 10 seconds.